 Dungeon Crawl Stone Soup version 0.23-a0-108-gf7ee2ed (webtiles) character file.

1515 Amnesiac the Gusty (level 8, -2/52 HPs)
             Began as a Mummy Air Elementalist on Aug 21, 2018.
             Was a Follower of Dithmenos.
             Slain by an ice beast (6 damage)
             ... on level 6 of the Dungeon.
             The game lasted 00:08:41 (5867 turns).

Amnesiac the Gusty (Mummy Air Elementalist)         Turns: 5867, Time: 00:08:42

Health: -2/52      AC:  3    Str: 11    XL:     8   Next: 53%
Magic:  7/19       EV: 12    Int: 16    God:    Dithmenos [*.....]
Gold:   171        SH:  0    Dex: 13    Spells: 15/22 levels left

rFire    x . .     SeeInvis .   a - +2 spear (venom)
rCold    + . .     Gourm    .   (no shield)
rNeg     + + +     Faith    .   l - +0 robe
rPois    ∞         Spirit   .   i - +0 helmet
rElec    .         Reflect  .   e - scarf {cloud immunity}
rCorr    .         Harm     .   (no gloves)
MR       +....                  (no boots)
Stlth    ++........             (no amulet)
HPRegen  0.17/turn              (no ring)
MPRegen  0.16/turn              (no ring)

@: very slightly contaminated, wreathed by umbra
A: no food or potions, fire vulnerability, cold resistance 1, negative energy
resistance 3, torment resistance, unbreathing
a: Renounce Religion


You were on level 6 of the Dungeon.
You worshipped Dithmenos.
Dithmenos was aware of your devotion.
You were not hungry.

You visited 2 branches of the dungeon, and saw 7 of its levels.

You collected 171 gold pieces.

Inventory:

Hand Weapons
 a - a +2 spear of venom (weapon)
Armour
 e - a scarf of cloud immunity (worn)
 i - a +0 helmet (worn)
 l - a +0 robe (worn)
Jewellery
 m - an uncursed ring of ice
Wands
 g - a wand of acid (6)
 n - a wand of paralysis (11)
Scrolls
 b - 2 scrolls of remove curse {!r, unknown}
 c - 4 scrolls of identify {!r, unknown}
 d - a scroll of noise {!r, unknown}
 f - a scroll of amnesia {!r, unknown}
 h - 3 scrolls of teleportation {!r, unknown}
 j - 2 scrolls of enchant weapon {!r, unknown}
 k - a scroll of random uselessness {!r, unknown}


   Skills:
 - Level 1.5 Dodging
 - Level 1.5 Stealth
 + Level 7.8 Spellcasting
 - Level 0.7 Conjurations
 * Level 7.8 Air Magic


You had 15 spell levels left.
You knew the following spells:

 Your Spells              Type           Power        Failure   Level  Hunger
a - Shock                 Conj/Air       ###.         1%          1    N/A
d - Airstrike             Air            ####......   4%          4    N/A
z - Swiftness             Chrm/Air       ###.....     3%          2    N/A

Your spell library contained the following spells:

 Spells                   Type           Power        Failure   Level  Hunger
 Static Discharge         Conj/Air       ###.....     6%          3    N/A
 Lightning Bolt           Conj/Air       ###.......   50%         5    N/A

Dungeon Overview and Level Annotations

Branches:
Dungeon (6/15)             Temple (1/1) D:5

Altars:
Dithmenos
Elyvilon
Fedhas
Gozag
Kikubaaqudgha
Makhleb
Nemelex Xobeh
Okawaru
Qazlal
Trog
Wu Jian
Xom
Yredelemnul
Zin
The Shining One


Innate Abilities, Weirdness & Mutations

You do not eat or drink.
Your flesh is vulnerable to fire.
You are immune to poison.
Your flesh is cold resistant. (rC+)
You are immune to negative energy. (rN+++)
You are immune to unholy pain and torment.
You can survive without breathing.


Message History

* * * LOW HITPOINT WARNING * * *
You hit the freed slave.
The freed slave looks as sick as possible!
The freed slave is almost dead.
You kill the freed slave!
That felt strangely unrewarding.
You see here 23 bolts.
You see here a dagger.
Your magical contamination has completely faded away.
Casting: Shock (safe; 1% risk of failure)
Confirm with . or Enter, or press ? or * to list all spells.
Aiming: Shock (safe; 1% risk of failure)
Press: ? - help, Shift-Dir - straight line, f - ice beast
Aim: an ice beast (moderately wounded, umbra)
The zap hits the ice beast.
The ice beast is heavily wounded.
The zap hits the ice beast.
The ice beast is severely wounded.
The ice beast hits you.
* * * LOW HITPOINT WARNING * * *
The ice beast freezes you. You resist.
* * * LOW HITPOINT WARNING * * *
Unknown command.
Casting: Shock (safe; 1% risk of failure)
Confirm with . or Enter, or press ? or * to list all spells.
Aiming: Shock (safe; 1% risk of failure)
Press: ? - help, Shift-Dir - straight line, f/p - ice beast
Aim: an ice beast (severely wounded, umbra)
The zap hits the ice beast.
The ice beast is severely wounded.
The zap hits the ice beast.
The ice beast appears unharmed.
The ice beast is severely wounded.
The ice beast hits you.
* * * LOW HITPOINT WARNING * * *
The ice beast freezes you. You resist.
* * * LOW HITPOINT WARNING * * *
Unknown command.
Casting: Shock (safe; 1% risk of failure)
Confirm with . or Enter, or press ? or * to list all spells.
Aiming: Shock (safe; 1% risk of failure)
Press: ? - help, Shift-Dir - straight line, f/p - ice beast
Aim: an ice beast (severely wounded, umbra)
You miscast Shock.
You are very lightly contaminated with residual magic.
You feel a strange surge of energy! The ice beast closely misses you.
Unknown command.
Casting: Shock (safe; 1% risk of failure)
Confirm with . or Enter, or press ? or * to list all spells.
Aiming: Shock (safe; 1% risk of failure)
Press: ? - help, Shift-Dir - straight line, f/p - ice beast
Aim: an ice beast (severely wounded, umbra)
The zap misses the ice beast. x2; The ice beast misses you.
Unknown command.
Casting: Shock (safe; 1% risk of failure)
Confirm with . or Enter, or press ? or * to list all spells.
Aiming: Airstrike (safe; 4% risk of failure)
Press: ? - help, Dir - move target cursor, f/p - ice beast
Aim: an ice beast (severely wounded, umbra)
The air twists around and strikes the ice beast!
The ice beast is almost dead.
The ice beast hits you.
* * * LOW HITPOINT WARNING * * *
The ice beast freezes you. You resist.
You die...

#.......# #.##........#.##.
#.......# #[##.##)#.#.#....
#######)###.#...[.#.#.#####
######..##.#..####.#......
........##†#.....#.#######
...........##.##)#....#
...........##.##.####.###
.........Y.##...[# #...##
...†...#.@.##....####.....
.......##..##....+......##
....... #..##.............
##.#### ##?.....####.####.
#. #.##.#.##.....##.
#..#.#.#.......#
#.#.#.#.......#
###...#....._.....
........#.......#.


You could see an ice beast.

Vanquished Creatures
  Pikel (D:6)
  2 slaves (D:6)
  An eye of draining (D:4)
  4 ogres
  A gnoll sergeant (D:5)
  2 scorpions
  2 howler monkeys
  A hound (D:6)
  A jelly (D:5)
  A centaur skeleton (D:5)
  An orc priest (D:6)
  An orc wizard (D:6)
  Natasha (thrice) (D:4)
  An iguana (D:6)
  7 adders
  5 gnolls
  A shadow imp (D:5)
  2 worms (D:2)
  2 dart slugs
  4 leopard geckos
  9 orcs
  8 giant cockroaches
  8 goblins
  8 hobgoblins
  8 jackals
  A quokka (D:4)
  5 bats
  6 frilled lizards
  A jackal skeleton (D:4)
  5 kobolds
  4 rats
106 creatures vanquished.

Vanquished Creatures (others)
  2 slaves (D:6)
  A worker ant (D:6)
3 creatures vanquished.

Grand Total: 109 creatures vanquished

Notes
Turn   | Place    | Note
-------+----------+-------------------------------------------
     0 | D:1      | Amnesiac the Mummy Air Elementalist began the quest for the Orb.
     0 | D:1      | Reached XP level 1. HP: 13/13 MP: 4/4
   412 | D:1      | Reached XP level 2. HP: 19/19 MP: 2/5
   416 | D:1      | Learned a level 2 spell: Swiftness
   957 | D:2      | Found a glowing silver altar of Zin.
   991 | D:2      | Reached XP level 3. HP: 22/24 MP: 2/7
  1234 | D:4      | Noticed an ogre
  1246 | D:4      | Killed an ogre
  1246 | D:4      | Reached XP level 4. HP: 30/30 MP: 2/10
  1295 | D:4      | Learned a level 4 spell: Airstrike
  1358 | D:4      | Noticed an ogre
  1372 | D:4      | Killed an ogre
  1372 | D:4      | Reached XP level 5. HP: 35/35 MP: 4/11
  1530 | D:4      | Noticed an ogre
  1572 | D:4      | Killed an ogre
  1572 | D:4      | Reached skill level 5 in Air Magic
  1572 | D:4      | Reached XP level 6. HP: 41/41 MP: 6/13
  1743 | D:4      | Noticed Natasha
  1752 | D:4      | Killed Natasha
  1752 | D:4      | Reached skill level 5 in Spellcasting
  1973 | D:4      | Noticed Natasha
  1990 | D:4      | Killed Natasha
  2002 | D:4      | Noticed Natasha
  2011 | D:4      | Killed Natasha
  2201 | D:4      | Found a bloodstained altar of Trog.
  2207 | D:4      | Reached XP level 7. HP: 46/46 MP: 0/15
  2501 | D:5      | Entered Level 5 of the Dungeon
  2535 | D:5      | Found a staircase to the Ecumenical Temple.
  2547 | Temple   | Entered the Ecumenical Temple
  2649 | Temple   | Became a worshipper of Dithmenos the Shadowed
  3685 | D:2      | Found a bloodstained altar of Trog.
  4133 | D:3      | Reached * piety under Dithmenos
  5470 | D:6      | Found a glowing golden altar of the Shining One.
  5637 | D:6      | Noticed Pikel
  5647 | D:6      | Paralysed by Pikel for 5 turns
  5666 | D:6      | Killed Pikel
  5666 | D:6      | Reached XP level 8. HP: 12/52 MP: 3/19
  5867 | D:6      | Slain by an ice beast

Vault maps used:
D:1:      dpeg_arrival_another_circle
D:2:      lemuel_coloured_pillars_altar, overflow_temple_1_default
D:3:      first_ration
D:4:      trog_eyes_of_draining, uniq_natasha
D:5:      temple_statues, minmay_misc_feat_room
D:6:      old_standard_altar, uniq_pikel
Temple:   nicolae_temple_hex_pool

Skill      XL: |  1  2  3  4  5  6  7 |
---------------+----------------------+-----
Spellcasting   | 3 4 5 7 |  7.8
Air Magic      | 3 4 5 7 |  7.8
Dodging        | |  1.5
Stealth        | |  1.5
Conjurations   | |  0.7

Action                   |  1- 3 |  4- 6 |  7- 9 || total
-------------------------+-------+-------+-------++-------
Melee: Unarmed           |    30 |       |       ||    30
       Whip              |       |     4 |    28 ||    32
       Spear             |       |       |    39 ||    39
 Cast: Shock             |    54 |    58 |   150 ||   262
       Airstrike         |       |       |     6 ||     6
Armor: Robe              |    14 |     1 |    11 ||    26
Dodge: Dodged            |    36 |    10 |    96 ||   142

Table legend:
 A = Non-vault XP
 B = Vault XP
 C = Vault XP percentage of total XP
 D = Non-vault monster count
 E = Vault monster count
 F = Vault count percentage of total count
                 A         B        C        D         E       F
            +---------+---------+-------+---------+---------+-------
      Total |    1371 |     794 |  36.7 |      99 |       5 |   4.8
            +---------+---------+-------+---------+---------+-------
        D:1 |      30 |       0 |   0.0 |      17 |       0 |   0.0
        D:2 |      87 |       0 |   0.0 |      26 |       0 |   0.0
        D:3 |      21 |       0 |   0.0 |      10 |       0 |   0.0
        D:4 |     522 |     177 |  25.3 |      17 |       4 |  19.0
        D:5 |     396 |       0 |   0.0 |      19 |       0 |   0.0
        D:6 |     315 |     617 |  66.2 |      10 |       1 |   9.1
            +---------+---------+-------+---------+---------+-------
